 Dungeon Crawl Stone Soup version 0.20.1-1-g8b1a95d (webtiles) character file.

13 wnhky the Sneak (level 2, -2/13 HPs)
             Began as a Spriggan Enchanter on Sept 24, 2017.
             Slain by a kobold
             ... wielding a +0 whip
              (7 damage)
             ... on level 2 of the Dungeon.
             The game lasted 00:01:53 (1088 turns).

wnhky the Sneak (Spriggan Enchanter)                Turns: 1088, Time: 00:01:54

Health: -2/13      AC:  2    Str:  4    XL:     2   Next: 24%
Magic:  5/6        EV: 18    Int: 16    God:
Gold:   132        SH:  0    Dex: 16    Spells: 5/6 levels left

rFire    . . .     SeeInvis +   f - -1 dagger (curse)
rCold    . . .     Gourm    .   (shield restricted)
rNeg     . . .     Faith    .   b - +0 robe
rPois    .         Spirit   .   (helmet restricted)
rElec    .         Reflect  .   (no cloak)
rCorr    .         Harm     .   (gloves unavailable)
MR       .....                  (boots unavailable)
Stlth    +++.......             (no amulet)
Regen    0.1/turn               (no ring)
MPRegen  0.1/turn               (no ring)

@: very quick
A: unfitting armour, see invisible, herbivore 3, speed 3, slow metabolism 2
a: no special abilities


You were on level 2 of the Dungeon.
You were not hungry.

You visited 1 branch of the dungeon, and saw 2 of its levels.

You collected 132 gold pieces.

Inventory:

Hand Weapons
 a - a +1 dagger
 f - a cursed -1 dagger (weapon)
Missiles
 k - a stone (quivered)
Armour
 b - a +0 robe (worn)
Jewellery
 h - a cursed ring of loudness {unknown}
 n - a cursed amulet of inaccuracy {unknown}
Scrolls
 g - 3 scrolls of identify {unknown}
 m - a scroll of remove curse {unknown}
Potions
 e - 2 potions of curing {unknown}
 i - 3 potions of mutation {unknown}
 j - a potion of heal wounds {unknown}
Books
 c - a book of Maledictions

   Spells                             Type                      Level
   a - Corona                         Hexes                        1
   b - Ensorcelled Hibernation        Hexes/Ice                    2
   c - Confuse                        Hexes                        3
   d - Tukima's Dance                 Hexes                        3
   e - Dazzling Spray                 Conjuration/Hexes            3
Comestibles
 d - 2 bread rations
 l - 4 fruits


   Skills:
 + Level 0.1 Fighting
 * Level 1.7 Short Blades
 + Level 3.3 Dodging
 * Level 4.6 Stealth
 + Level 2.9 Spellcasting
 + Level 3.7 Hexes


You had 5 spell levels left.
You knew the following spells:

 Your Spells              Type           Power        Failure   Level  Hunger
a - Corona                Hex            ##.....      4%          1    #......


Dungeon Overview and Level Annotations

Branches:
Dungeon (2/15)

Altars:


Innate Abilities, Weirdness & Mutations

You are very small and have problems with some larger weapons.
You are too small for most types of armour.
You have supernaturally acute eyesight. (SInv)
You are a herbivore.
You cover ground extremely quickly.
You need consume almost no food.


Message History

A kobold comes into view. It is wielding a whip.
The kobold shouts!
You hit the kobold but do no damage. The kobold hits you with a whip.
You are too injured to fight recklessly!
You are too injured to fight recklessly!
You are too injured to fight recklessly!
You are too injured to fight recklessly!
Casting: Corona
Confirm with . or Enter, or press ? or * to list all spells.
Aiming: Corona
Press: ? - help, Shift-Dir - straight line, f - kobold
Aim: a kobold, wielding a whip (chance to defeat MR: 68%)
The kobold is outlined in light.
You hit the kobold but do no damage. You hit the kobold but do no damage.
The kobold misses you.
You closely miss the kobold. The kobold hits you with a whip.
You hit the kobold but do no damage. The kobold misses you.
You closely miss the kobold. The kobold hits you with a whip!
Ouch! That really hurt!
You die...

......+.........+...............
....###.........####....########
.......#.......## ##.#.##
###.##.##.....## ###..## #
#.##.###...## #...# ###.##.#
##+######### ##.## ....##.#
#.#.......# #.#
######.####.#.#####.# #.#
######.........K@.#.# #.#
........##....###.#.# #.#
....###.#.....###.#.# #.# ###.#
##..........####.#
###.###.###.#####........#
........# #. ##########
###.##### #. <...# #. #####


You could see a kobold.

Vanquished Creatures
  A leopard gecko (D:1)
  2 giant cockroaches (D:1)
  2 goblins (D:1)
  A hobgoblin (D:1)
  3 kobolds (D:1)
  A rat (D:2)
10 creatures vanquished.

Notes
Turn   | Place    | Note
-------+----------+-------------------------------------------
     0 | D:1      | wnhky the Spriggan Enchanter began the quest for the Orb.
     0 | D:1      | Reached XP level 1. HP: 9/9 MP: 5/5
   672 | D:1      | Reached XP level 2. HP: 13/13 MP: 6/6
  1088 | D:2      | Slain by a kobold

Action                   || total
-------------------------++-------
Melee: Dagger            ||    85
 Cast: Corona            ||     4
 Stab: Sleeping          ||     4
Armor: Robe              ||    10
Dodge: Dodged            ||    53
